Admirals vs Penguins

Created - Wednesday, February 18, 2015 at 00:48

Goals
1 2 3 T
Admirals 0 0 1 1
Penguins 0 0 2 2
Shots
1 2 3 T
Admirals 6 3 13 22
Penguins 7 9 12 28

1st period

No Goal

Penalties :
Nathan McIver (NOR) for Hooking (Minor) at 1:02, Cody Ceci (WBS) for Roughing (Minor) at 4:01

2nd period

No Goal

Penalties :
Cade Fairchild (NOR) for Goalie Interference (Minor) at 1:28, Garrett Meurs (WBS) for Roughing (Minor) at 7:44

3rd period

1. Penguins , Jeff Schultz 1 (Cody Ceci, Charles Sarault) at 0:50 (PP)
2. Admirals , Jean-Gabriel Pageau 25 (Carter Ashton) at 8:02 (PP)
3. Penguins , Linden Vey 8 (Carson McMillan) at 11:13 (PP)

Penalties :
Cade Fairchild (NOR) for Roughing (Minor) at 0:47, Cody Ceci (WBS) for Roughing (Minor) at 6:47, Farm Player43 (NOR) for Holding (Minor) at 10:25

Goalie Stats

David LeNeveu (NOR), 26 saves from 28 shots - (0.929), L, 13-13-3, 59:30 minutes
Keith Kinkaid (WBS), 21 saves from 22 shots - (0.955), W, 30-4-13, 60:00 minutes

Players Stats for Admirals

Player Name              G  A  P  +/- PIM S  H  SB GA TA FO     MP     PP MP  PK MP  
------------------------------------------------------------------------------------
Brayden Irwin            0  0  0   0  0   0  2  0  0  0  0/0     5:59   0:00   0:53 
Bryan Rodney             0  0  0   0  0   2  1  1  0  2  0/0    26:25   2:29   3:55 
Cade Fairchild           0  0  0   0  4   1  1  2  0  2  0/0    22:12   2:29   1:53 
Carter Ashton            0  1  1   0  0   1  4  0  4  1  0/0    18:33   2:24   0:00 
Darryl Boyce             0  0  0   0  0   1  2  0  2  0  4/8    15:44   0:00   0:00 
Farm Player11            0  0  0   0  0   0  0  0  0  0  1/1    15:17   0:00   1:27 
Farm Player2             0  0  0   0  0   1  0  0  0  1  0/0    25:33   2:44   1:47 
Farm Player43            0  0  0   0  2   0  0  0  0  0  0/0    17:05   2:44   1:29 
Jean-Gabriel Pageau      1  0  1   0  0   3  2  0  0  1  8/14   18:53   2:24   0:47 
Joey Crabb               0  0  0   0  0   1  1  0  1  1  3/7    21:22   2:49   3:09 
Jonathan Marchessault    0  0  0   0  0   3  1  2  4  0  0/1    18:32   2:49   0:47 
Keith Aucoin             0  0  0   0  0   0  0  0  0  0  0/0     0:45   0:00   0:00 
Maxime Langelier-Parent  0  0  0   0  0   0  0  0  0  0  0/0     0:00   0:00   0:00 
Mike Sislo               0  0  0   0  0   2  3  1  2  1  1/1    15:04   0:00   0:00 
Mike Zigomanis           0  0  0   0  0   6  1  3  2  0  6/9    22:32   2:49   3:09 
Nathan McIver            0  0  0   0  2   0  2  0  0  1  0/0    17:06   0:00   0:00 
Ryan Bourque             0  0  0   0  0   0  0  1  0  1  0/0    15:32   0:00   0:00 
Sven Andrighetto         0  0  0   0  0   1  1  0  1  0  1/1    18:33   2:24   0:00 

Players Stats for Penguins

Player Name              G  A  P  +/- PIM S  H  SB GA TA FO     MP     PP MP  PK MP  
------------------------------------------------------------------------------------
Andrej Sustr             0  0  0   0  0   1  0  0  0  0  0/0    19:18   1:30   2:07 
Carson McMillan          0  1  1   0  0   0  2  0  1  0  0/0    12:26   2:15   0:00 
Charles Sarault          0  1  1   0  0   2  2  1  4  1  7/15   20:04   2:34   0:37 
Cody Ceci                0  1  1   0  4   1  0  1  1  1  0/0    24:41   3:19   0:58 
Curtis McKenzie          0  0  0   0  0   5  0  1  4  0  7/9    23:30   2:15   3:14 
Dan Biega                0  0  0   0  0   1  0  3  0  0  0/0    14:38   0:00   0:00 
Dean Arsene              0  0  0   0  0   0  0  1  0  0  0/0     4:58   0:00   0:00 
Drew Bagnall             0  0  0   0  0   2  2  2  1  0  0/0    17:03   0:00   2:08 
Dustin Gazley            0  0  0   0  0   5  1  0  0  0  0/1    13:15   0:00   1:19 
Garrett Meurs            0  0  0   0  2   1  1  0  0  1  0/0    20:21   2:34   0:00 
Hunter Bishop            0  0  0   0  0   0  2  0  1  0  0/0    12:44   0:00   0:00 
Jeff Schultz             1  0  1   0  0   2  0  0  0  1  0/0    21:06   3:19   3:06 
Linden Vey               1  0  1   0  0   3  1  0  5  1  3/12   21:44   2:15   3:43 
Matt Kassian             0  0  0   0  0   1  0  1  1  0  0/0    14:46   0:00   0:39 
Matt Mangene             0  0  0   0  0   0  2  0  0  0  1/4    14:51   0:00   0:00 
Philippe Cornet          0  0  0   0  0   3  0  1  2  0  0/1    19:32   2:34   0:54 
Trevor Parkes            0  0  0   0  0   0  0  0  0  0  0/0     0:29   0:00   0:00 
Xavier Ouellet           0  0  0   0  0   1  0  0  0  4  0/0    19:18   1:30   2:07 

3 Stars

1 - Keith Kinkaid (WBS)
2 - Jean-Gabriel Pageau (NOR)
3 - Linden Vey (WBS)

Power Play

Admirals - 1 on 3 Attempt(s) - 33.33%
Penguins - 2 on 4 Attempt(s) - 50.00%

Penalty Kill

Admirals - 2 on 4 Attempt(s) - 50.00% - Score 0 goal in Penalty Kill
Penguins - 2 on 3 Attempt(s) - 66.67% - Score 0 goal in Penalty Kill

Team Stat

Admirals - Hits : 21 - Faceoff Wins : 24 - Blocked Shots : 10 - Penalty Minutes : 8
Penguins - Hits : 13 - Faceoff Wins : 18 - Blocked Shots : 11 - Penalty Minutes : 6

Official

Referees : Unknown
Linesman : Unknown

Game Notes

No Game Note

Finance

Level 1 -- Attendance: 1494 (74.70%) -- Ticket Income $52,290
Level 2 -- Attendance: 807 (80.70%) -- Ticket Income $12,105
Total Attendance: 2301 (76.70%)
Total Ticket Income: $64,395
Other Income: $31,554
Total Income: $95,949

Admirals

5 vs 5 Forward 
   Center                   Left Wing                Right Wing               Time % Phy DF OF 
 1 Mike Zigomanis           Jonathan Marchessault    Joey Crabb               35     1   2  2  
 2 Jean-Gabriel Pageau      Sven Andrighetto         Carter Ashton            30     1   2  2  
 3 Darryl Boyce             Ryan Bourque             Mike Sislo               22     1   2  2  
 4 Brayden Irwin            Jean-Gabriel Pageau      Joey Crabb               13     1   2  2  

5 vs 5 Defense 
   Defense                  Defense                                           Time % Phy DF OF 
 1 Bryan Rodney             Cade Fairchild                                    35     1   2  2  
 2 Farm Player2             Nathan McIver                                     30     1   2  2  
 3 Farm Player43            Farm Player2                                      22     1   2  2  
 4 Farm Player11            Bryan Rodney                                      13     1   2  2  

PowerPlay Forward 
   Center                   Left Wing                Right Wing               Time % Phy DF OF 
 1 Mike Zigomanis           Jonathan Marchessault    Joey Crabb               60     1   2  2  
 2 Jean-Gabriel Pageau      Sven Andrighetto         Carter Ashton            40     1   2  2  

PowerPlay Defense
   Defense                  Defense                                           Time % Phy DF OF 
 1 Bryan Rodney             Cade Fairchild                                    60     1   2  2  
 2 Farm Player2             Farm Player43                                     40     1   2  2  

Penalty Kill 4 Players Forward 
   Center                   Wing                     Time % Phy DF OF 
 1 Joey Crabb               Mike Zigomanis           60     1   2  2  
 2 Jonathan Marchessault    Jean-Gabriel Pageau      40     1   2  2  

Penalty Kill 4 Players Defense
   Defense                  Defense                  Time % Phy DF OF 
 1 Cade Fairchild           Bryan Rodney             60     1   2  2  
 2 Farm Player2             Farm Player11            40     1   2  2  

Penalty Kill - 3 Players Forward 
   Forward                                           Time % Phy DF OF 
 1 Joey Crabb                                        60     1   2  2  
 2 Mike Zigomanis                                    40     1   2  2  

Penalty Kill - 3 Players Defense
   Defense                  Defense                  Time % Phy DF OF 
 1 Cade Fairchild           Bryan Rodney             60     1   2  2  
 2 Farm Player2             Nathan McIver            40     1   2  2  

4 vs 4 Forward 
   Center                   Wing                     Time % Phy DF OF 
 1 Joey Crabb               Mike Zigomanis           60     1   2  2  
 2 Jonathan Marchessault    Jean-Gabriel Pageau      40     1   2  2  

4 vs 4 Defense
   Defense                  Defense                  Time % Phy DF OF 
 1 Bryan Rodney             Nathan McIver            60     1   2  2  
 2 Farm Player2             Cade Fairchild           40     1   2  2  

Last Minutes Offensive
   Center                   Left Wing                Right Wing               Defense                  Defense                  
   Mike Zigomanis           Jonathan Marchessault    Joey Crabb               Bryan Rodney             Cade Fairchild           

Last Minutes Defensive
   Center                   Left Wing                Right Wing               Defense                  Defense                  
   Mike Zigomanis           Jonathan Marchessault    Joey Crabb               Bryan Rodney             Cade Fairchild           

Goaltenders
Starting : David LeNeveu            
Backup : Brad Thiessen            

Extra Forwards
Normal : Darryl Boyce, Ryan Bourque, Brayden Irwin - PP : Darryl Boyce, Ryan Bourque - PK : Brayden Irwin
Extra Defensemen
Normal : Bryan Rodney, Farm Player11, Farm Player2 - PP : Farm Player2 - PK : Farm Player43, Farm Player2
Penalty Shots
Joey Crabb, Mike Zigomanis, Jonathan Marchessault, Jean-Gabriel Pageau, Sven Andrighetto

Penguins

5 vs 5 Forward 
   Center                   Left Wing                Right Wing               Time % Phy DF OF 
 1 Linden Vey               Curtis McKenzie          Carson McMillan          35     1   2  2  
 2 Charles Sarault          Philippe Cornet          Garrett Meurs            30     1   2  2  
 3 Curtis McKenzie          Matt Kassian             Matt Mangene             22     1   2  2  
 4 Linden Vey               Hunter Bishop            Dustin Gazley            13     1   2  2  

5 vs 5 Defense 
   Defense                  Defense                                           Time % Phy DF OF 
 1 Cody Ceci                Jeff Schultz                                      35     1   2  2  
 2 Andrej Sustr             Xavier Ouellet                                    30     1   2  2  
 3 Dan Biega                Drew Bagnall                                      22     1   2  2  
 4 Dean Arsene              Cody Ceci                                         13     1   2  2  

PowerPlay Forward 
   Center                   Left Wing                Right Wing               Time % Phy DF OF 
 1 Linden Vey               Curtis McKenzie          Carson McMillan          60     1   2  2  
 2 Charles Sarault          Philippe Cornet          Garrett Meurs            40     1   2  2  

PowerPlay Defense
   Defense                  Defense                                           Time % Phy DF OF 
 1 Cody Ceci                Jeff Schultz                                      60     1   2  2  
 2 Andrej Sustr             Xavier Ouellet                                    40     1   2  2  

Penalty Kill 4 Players Forward 
   Center                   Wing                     Time % Phy DF OF 
 1 Curtis McKenzie          Linden Vey               60     1   2  2  
 2 Philippe Cornet          Matt Kassian             40     1   2  2  

Penalty Kill 4 Players Defense
   Defense                  Defense                  Time % Phy DF OF 
 1 Cody Ceci                Jeff Schultz             60     1   2  2  
 2 Andrej Sustr             Xavier Ouellet           40     1   2  2  

Penalty Kill - 3 Players Forward 
   Forward                                           Time % Phy DF OF 
 1 Curtis McKenzie                                   60     1   2  2  
 2 Linden Vey                                        40     1   2  2  

Penalty Kill - 3 Players Defense
   Defense                  Defense                  Time % Phy DF OF 
 1 Cody Ceci                Jeff Schultz             60     1   2  2  
 2 Andrej Sustr             Xavier Ouellet           40     1   2  2  

4 vs 4 Forward 
   Center                   Wing                     Time % Phy DF OF 
 1 Curtis McKenzie          Linden Vey               60     1   2  2  
 2 Philippe Cornet          Matt Kassian             40     1   2  2  

4 vs 4 Defense
   Defense                  Defense                  Time % Phy DF OF 
 1 Cody Ceci                Jeff Schultz             60     1   2  2  
 2 Andrej Sustr             Xavier Ouellet           40     1   2  2  

Last Minutes Offensive
   Center                   Left Wing                Right Wing               Defense                  Defense                  
   Linden Vey               Curtis McKenzie          Carson McMillan          Cody Ceci                Jeff Schultz             

Last Minutes Defensive
   Center                   Left Wing                Right Wing               Defense                  Defense                  
   Linden Vey               Curtis McKenzie          Carson McMillan          Cody Ceci                Jeff Schultz             

Goaltenders
Starting : Keith Kinkaid            
Backup : Mark Visentin            

Extra Forwards
Normal : Hunter Bishop, Matt Mangene, Dustin Gazley - PP : Hunter Bishop, Matt Mangene - PK : Dustin Gazley
Extra Defensemen
Normal : Dan Biega, Drew Bagnall, Dean Arsene - PP : Dan Biega - PK : Drew Bagnall, Dean Arsene
Penalty Shots
Curtis McKenzie, Linden Vey, Philippe Cornet, Matt Kassian, Carson McMillan

% Time on Ice - Admirals

Lines # - Real PCT - Wanted PCT - Time Play
Normal Forward
1 - 30% - 35% - 14:56
2 - 33% - 30% - 16:09
3 - 30% - 22% - 14:42
4 - 7% - 13% - 3:32
Normal Defense
1 - 34% - 35% - 16:51
2 - 32% - 30% - 15:52
3 - 20% - 22% - 9:55
4 - 14% - 13% - 6:41
PP Forward
1 - 54% - 60% - 2:49
2 - 46% - 40% - 2:24
PP Defense
1 - 48% - 60% - 2:29
2 - 52% - 40% - 2:44
PK Forward
1 - 84% - 60% - 4:02
2 - 16% - 40% - 0:47
PK Defense
1 - 81% - 60% - 3:55
2 - 19% - 40% - 0:54
PK3 Forward
1 - 0% - 60%
2 - 0% - 40%
PK3 Defense
1 - 0% - 60%
2 - 0% - 40%
44 Forward
1 - 0% - 60%
2 - 0% - 40%
44 Defense
1 - 0% - 60%
2 - 0% - 40%
Last Minute Offensive  - 0:39
Last Minute Defensive  - 0:00
Total
Forward - 60:00
Defense - 60:00

% Time on Ice - Penguins

Lines # - Real PCT - Wanted PCT - Time Play
Normal Forward
1 - 19% - 35% - 9:15
2 - 33% - 30% - 16:07
3 - 26% - 22% - 12:47
4 - 23% - 13% - 11:10
Normal Defense
1 - 30% - 35% - 14:41
2 - 32% - 30% - 15:41
3 - 28% - 22% - 13:59
4 - 10% - 13% - 4:58
PP Forward
1 - 47% - 60% - 2:15
2 - 53% - 40% - 2:34
PP Defense
1 - 69% - 60% - 3:19
2 - 31% - 40% - 1:30
PK Forward
1 - 88% - 60% - 4:34
2 - 12% - 40% - 0:39
PK Defense
1 - 59% - 60% - 3:06
2 - 41% - 40% - 2:07
PK3 Forward
1 - 0% - 60%
2 - 0% - 40%
PK3 Defense
1 - 0% - 60%
2 - 0% - 40%
44 Forward
1 - 0% - 60%
2 - 0% - 40%
44 Defense
1 - 0% - 60%
2 - 0% - 40%
Last Minute Offensive  - 0:00
Last Minute Defensive  - 0:39
Total
Forward - 60:00
Defense - 60:00

Play by Play

1st period


0:01 of 1st period - Mike Zigomanis wins face-off versus Linden Vey in neutral zone.
0:16 of 1st period - Wrist shot by Jonathan Marchessault.
0:16 of 1st period - Stopped by Keith Kinkaid with a rebound.
0:20 of 1st period - Snap shot by Mike Zigomanis.
0:20 of 1st period - Stopped by Keith Kinkaid with a rebound.
0:22 of 1st period - Slapshot by Bryan Rodney.
0:22 of 1st period - Deflect By Jonathan Marchessault.
0:22 of 1st period - Shot Misses the Net.
0:22 of 1st period - Puck is out of play.
0:23 of 1st period - Jean-Gabriel Pageau wins face-off versus Charles Sarault in Penguins zone.
0:24 of 1st period - Wrist shot by Carter Ashton.
0:24 of 1st period - Stopped by Keith Kinkaid without a rebound.
0:25 of 1st period - Jean-Gabriel Pageau wins face-off versus Charles Sarault in Penguins zone.
1:02 of 1st period - Minor Penalty to Nathan McIver for Hooking.
1:03 of 1st period - Joey Crabb wins face-off versus Linden Vey in Admirals zone.
1:52 of 1st period - Icing by Garrett Meurs.
1:53 of 1st period - Charles Sarault wins face-off versus Joey Crabb in Penguins zone.
3:02 of 1st period - Penalty to Nathan McIver is over, Nathan McIver is back on ice.
3:38 of 1st period - Drew Bagnall is hit by Mike Sislo and loses puck.
4:01 of 1st period - Minor Penalty to Cody Ceci for Roughing.
4:02 of 1st period - Curtis McKenzie wins face-off versus Jean-Gabriel Pageau in Penguins zone.
4:58 of 1st period - Wrist shot by Jonathan Marchessault.
4:58 of 1st period - Stopped by Keith Kinkaid with a rebound.
5:19 of 1st period - Linden Vey is hit by Carter Ashton and loses puck.
5:55 of 1st period - Snap shot by Curtis McKenzie.
5:55 of 1st period - Deflect By Dustin Gazley.
5:55 of 1st period - Shot Misses the Net.
5:55 of 1st period - Puck is out of play.
5:56 of 1st period - Curtis McKenzie wins face-off versus Mike Zigomanis in Admirals zone.
6:01 of 1st period - Penalty to Cody Ceci is over, Cody Ceci is back on ice.
6:05 of 1st period - Jeff Schultz is hit by Cade Fairchild and loses puck.
6:32 of 1st period - Slapshot by Philippe Cornet.
6:32 of 1st period - Stopped by David LeNeveu with a rebound.
6:46 of 1st period - Snap shot by Philippe Cornet.
6:46 of 1st period - Shot Misses the Net.
6:55 of 1st period - Off-side.
6:56 of 1st period - Jean-Gabriel Pageau wins face-off versus Matt Mangene in neutral zone.
7:01 of 1st period - Xavier Ouellet is hit by Sven Andrighetto and loses puck.
7:08 of 1st period - Wrist shot by Carter Ashton.
7:08 of 1st period - Deflect By Sven Andrighetto.
7:08 of 1st period - Stopped by Keith Kinkaid with a rebound.
7:10 of 1st period - Snap shot by Carter Ashton.
7:10 of 1st period - Deflect By Jean-Gabriel Pageau.
7:10 of 1st period - Shot Misses the Net.
7:10 of 1st period - Puck is out of play.
7:11 of 1st period - Sven Andrighetto wins face-off versus Charles Sarault in Penguins zone.
7:26 of 1st period - Snap shot by Andrej Sustr.
7:26 of 1st period - Shot Misses the Net.
9:08 of 1st period - Wrist shot by Curtis McKenzie.
9:08 of 1st period - Stopped by David LeNeveu without a rebound.
9:09 of 1st period - Curtis McKenzie wins face-off versus Darryl Boyce in Admirals zone.
9:32 of 1st period - Snap shot by Dustin Gazley.
9:32 of 1st period - Stopped by David LeNeveu with a rebound.
9:34 of 1st period - Slapshot by Xavier Ouellet.
9:34 of 1st period - Deflect By Mike Sislo.
9:34 of 1st period - Stopped by David LeNeveu with a rebound.
9:52 of 1st period - Wrist shot by Charles Sarault.
9:52 of 1st period - Stopped by David LeNeveu with a rebound.
10:00 of 1st period - Philippe Cornet is hit by Bryan Rodney and loses puck.
11:00 of 1st period - Bryan Rodney is hit by Drew Bagnall and loses puck.
11:43 of 1st period - Wrist shot by Linden Vey.
11:43 of 1st period - Shot Misses the Net.
12:03 of 1st period - Wrist shot by Curtis McKenzie.
12:03 of 1st period - Shot Misses the Net.
12:31 of 1st period - Cade Fairchild is hit by Hunter Bishop and loses puck.
12:50 of 1st period - Slapshot by Curtis McKenzie.
12:50 of 1st period - Shot Misses the Net.
13:10 of 1st period - Snap shot by Mike Sislo.
13:10 of 1st period - Shot Blocked by Dean Arsene.
13:12 of 1st period - Wrist shot by Ryan Bourque.
13:12 of 1st period - Shot Blocked by Cody Ceci.
13:14 of 1st period - Snap shot by Darryl Boyce.
13:14 of 1st period - Shot Blocked by Curtis McKenzie.
13:48 of 1st period - Wrist shot by Linden Vey.
13:48 of 1st period - Deflect By Dustin Gazley.
13:48 of 1st period - Stopped by David LeNeveu without a rebound.
13:49 of 1st period - Jean-Gabriel Pageau wins face-off versus Linden Vey in Admirals zone.
13:49 of 1st period - Jean-Gabriel Pageau is hit by Drew Bagnall.
13:55 of 1st period - Snap shot by Carter Ashton.
13:55 of 1st period - Shot Blocked by Dan Biega.
15:15 of 1st period - Slapshot by Mike Zigomanis.
15:15 of 1st period - Stopped by Keith Kinkaid with a rebound.
15:54 of 1st period - Charles Sarault is hit by Carter Ashton and loses puck.
18:51 of 1st period - Carter Ashton is hit by Charles Sarault and loses puck.
18:58 of 1st period - Wrist shot by Dustin Gazley.
18:58 of 1st period - Shot Misses the Net.
19:04 of 1st period - Wrist shot by Dustin Gazley.
19:04 of 1st period - Shot Misses the Net.
19:14 of 1st period - Sven Andrighetto is hit by Carson McMillan.
19:20 of 1st period - Slapshot by Matt Mangene.
19:20 of 1st period - Shot Blocked by Bryan Rodney.
19:22 of 1st period - Backhand shot by Carson McMillan.
19:22 of 1st period - Shot Misses the Net.
19:24 of 1st period - Slapshot by Drew Bagnall.
19:24 of 1st period - Shot Misses the Net.
19:26 of 1st period - Slapshot by Dan Biega.
19:26 of 1st period - Stopped by David LeNeveu with a rebound.
19:43 of 1st period - Mike Zigomanis is hit by Dustin Gazley and loses puck.
Goals for this period are 0 for Admirals vs 0 for Penguins.
Shots for this period are 6 for Admirals vs 7 for Penguins.

2nd period


0:01 of 2nd period - Linden Vey wins face-off versus Mike Zigomanis in neutral zone.
0:48 of 2nd period - Wrist shot by Charles Sarault.
0:48 of 2nd period - Deflect By Garrett Meurs.
0:48 of 2nd period - Stopped by David LeNeveu with a rebound.
0:50 of 2nd period - Snap shot by Charles Sarault.
0:50 of 2nd period - Stopped by David LeNeveu with a rebound.
0:52 of 2nd period - Snap shot by Charles Sarault.
0:52 of 2nd period - Shot Blocked by Jonathan Marchessault.
1:08 of 2nd period - Slapshot by Andrej Sustr.
1:08 of 2nd period - Deflect By Joey Crabb.
1:08 of 2nd period - Stopped by David LeNeveu without a rebound.
1:09 of 2nd period - Curtis McKenzie wins face-off versus Jean-Gabriel Pageau in Admirals zone.
1:26 of 2nd period - Wrist shot by Curtis McKenzie.
1:26 of 2nd period - Stopped by David LeNeveu with a rebound.
1:28 of 2nd period - Minor Penalty to Cade Fairchild for Goalie Interference.
1:29 of 2nd period - Charles Sarault wins face-off versus Joey Crabb in Admirals zone.
1:43 of 2nd period - Slapshot by Cody Ceci.
1:43 of 2nd period - Shot Misses the Net.
1:45 of 2nd period - Slapshot by Cody Ceci.
1:45 of 2nd period - Shot Blocked by Mike Zigomanis.
2:32 of 2nd period - Brayden Irwin is hit by Linden Vey and loses puck.
2:43 of 2nd period - Wrist shot by Curtis McKenzie.
2:43 of 2nd period - Shot Misses the Net.
3:00 of 2nd period - Bryan Rodney is hit by Charles Sarault and loses puck.
3:28 of 2nd period - Penalty to Cade Fairchild is over, Cade Fairchild is back on ice.
4:04 of 2nd period - Dustin Gazley is hit by Nathan McIver and loses puck.
4:19 of 2nd period - Wrist shot by Jean-Gabriel Pageau.
4:19 of 2nd period - Stopped by Keith Kinkaid without a rebound.
4:20 of 2nd period - Darryl Boyce wins face-off versus Philippe Cornet in Penguins zone.
5:21 of 2nd period - Wrist shot by Cody Ceci.
5:21 of 2nd period - Shot Misses the Net.
5:23 of 2nd period - Snap shot by Matt Kassian.
5:23 of 2nd period - Stopped by David LeNeveu with a rebound.
5:37 of 2nd period - Cody Ceci is hit by Jean-Gabriel Pageau and loses puck.
5:43 of 2nd period - Off-side.
5:44 of 2nd period - Linden Vey wins face-off versus Darryl Boyce in neutral zone.
6:44 of 2nd period - Icing by Jonathan Marchessault.
6:45 of 2nd period - Mike Zigomanis wins face-off versus Charles Sarault in Admirals zone.
7:04 of 2nd period - Snap shot by Ryan Bourque.
7:04 of 2nd period - Deflect By Mike Sislo.
7:04 of 2nd period - Stopped by Keith Kinkaid with a rebound.
7:06 of 2nd period - Snap shot by Mike Sislo.
7:06 of 2nd period - Shot Blocked by Charles Sarault.
7:44 of 2nd period - Minor Penalty to Garrett Meurs for Roughing.
7:45 of 2nd period - Mike Zigomanis wins face-off versus Curtis McKenzie in Penguins zone.
8:12 of 2nd period - Wrist shot by Curtis McKenzie.
8:12 of 2nd period - Stopped by David LeNeveu with a rebound.
9:44 of 2nd period - Penalty to Garrett Meurs is over, Garrett Meurs is back on ice.
9:51 of 2nd period - Slapshot by Jean-Gabriel Pageau.
9:51 of 2nd period - Stopped by Keith Kinkaid without a rebound.
9:52 of 2nd period - Curtis McKenzie wins face-off versus Jean-Gabriel Pageau in Penguins zone.
10:19 of 2nd period - Snap shot by Darryl Boyce.
10:19 of 2nd period - Shot Misses the Net.
10:28 of 2nd period - Icing by Dan Biega.
10:29 of 2nd period - Darryl Boyce wins face-off versus Matt Mangene in Penguins zone.
11:29 of 2nd period - Dustin Gazley is hit by Brayden Irwin.
12:04 of 2nd period - Cody Ceci is hit by Brayden Irwin and loses puck.
13:27 of 2nd period - Slapshot by Darryl Boyce.
13:27 of 2nd period - Shot Blocked by Dan Biega.
13:51 of 2nd period - Off-side.
13:52 of 2nd period - Mike Zigomanis wins face-off versus Linden Vey in neutral zone.
15:25 of 2nd period - Mike Zigomanis is hit by Garrett Meurs and loses puck.
15:38 of 2nd period - Slapshot by Philippe Cornet.
15:38 of 2nd period - Shot Misses the Net.
15:52 of 2nd period - Snap shot by Philippe Cornet.
15:52 of 2nd period - Stopped by David LeNeveu with a rebound.
15:54 of 2nd period - Slapshot by Drew Bagnall.
15:54 of 2nd period - Stopped by David LeNeveu with a rebound.
15:56 of 2nd period - Wrist shot by Carson McMillan.
15:56 of 2nd period - Shot Blocked by Jonathan Marchessault.
15:58 of 2nd period - Snap shot by Dan Biega.
15:58 of 2nd period - Shot Misses the Net.
16:00 of 2nd period - Slapshot by Drew Bagnall.
16:00 of 2nd period - Stopped by David LeNeveu with a rebound.
16:29 of 2nd period - Icing by Cade Fairchild.
16:30 of 2nd period - Darryl Boyce wins face-off versus Linden Vey in Admirals zone.
16:40 of 2nd period - Cody Ceci is hit by Darryl Boyce and loses puck.
17:08 of 2nd period - Sven Andrighetto is hit by Carson McMillan and loses puck.
17:21 of 2nd period - Darryl Boyce is hit by Matt Mangene and loses puck.
17:53 of 2nd period - Slapshot by Sven Andrighetto.
17:53 of 2nd period - Shot Misses the Net.
18:09 of 2nd period - Snap shot by Carter Ashton.
18:09 of 2nd period - Shot Misses the Net.
18:41 of 2nd period - Slapshot by Darryl Boyce.
18:41 of 2nd period - Shot Misses the Net.
19:40 of 2nd period - Icing by Jonathan Marchessault.
19:41 of 2nd period - Farm Player11 wins face-off versus Matt Mangene in Admirals zone.
19:52 of 2nd period - Snap shot by Dustin Gazley.
19:52 of 2nd period - Deflect By Matt Mangene.
19:52 of 2nd period - Shot Misses the Net.
19:52 of 2nd period - Puck is out of play.
19:53 of 2nd period - Matt Mangene wins face-off versus Jean-Gabriel Pageau in Admirals zone.
19:53 of 2nd period - Cody Ceci is hit by Nathan McIver and loses puck.
Goals for this period are 0 for Admirals vs 0 for Penguins.
Shots for this period are 3 for Admirals vs 9 for Penguins.

3rd period


0:01 of 3rd period - Joey Crabb wins face-off versus Linden Vey in neutral zone.
0:38 of 3rd period - Wrist shot by Linden Vey.
0:38 of 3rd period - Stopped by David LeNeveu without a rebound.
0:39 of 3rd period - Charles Sarault wins face-off versus Jean-Gabriel Pageau in Admirals zone.
0:47 of 3rd period - Minor Penalty to Cade Fairchild for Roughing.
0:48 of 3rd period - Charles Sarault wins face-off versus Joey Crabb in Admirals zone.
0:48 of 3rd period - Slapshot by Cody Ceci.
0:48 of 3rd period - Shot Misses the Net.
0:50 of 3rd period - Snap shot by Jeff Schultz.
0:50 of 3rd period - Goal by Jeff Schultz - Admirals : 0 - Penguins : 1.
0:51 of 3rd period - Mike Zigomanis wins face-off versus Linden Vey in neutral zone.
1:00 of 3rd period - Slapshot by Cody Ceci.
1:00 of 3rd period - Deflect By Linden Vey.
1:00 of 3rd period - Stopped by David LeNeveu with a rebound.
1:12 of 3rd period - Snap shot by Mike Zigomanis.
1:12 of 3rd period - Stopped by Keith Kinkaid with a rebound.
1:14 of 3rd period - Snap shot by Mike Zigomanis.
1:14 of 3rd period - Shot Misses the Net.
1:16 of 3rd period - Slapshot by Mike Zigomanis.
1:16 of 3rd period - Shot Misses the Net.
1:18 of 3rd period - Slapshot by Jonathan Marchessault.
1:18 of 3rd period - Stopped by Keith Kinkaid with a rebound.
1:20 of 3rd period - Backhand shot by Joey Crabb.
1:20 of 3rd period - Deflect By Mike Zigomanis.
1:20 of 3rd period - Stopped by Keith Kinkaid with a rebound.
1:22 of 3rd period - Wrist shot by Jonathan Marchessault.
1:22 of 3rd period - Shot Misses the Net.
1:24 of 3rd period - Snap shot by Joey Crabb.
1:24 of 3rd period - Shot Misses the Net.
1:26 of 3rd period - Slapshot by Farm Player2.
1:26 of 3rd period - Stopped by Keith Kinkaid without a rebound.
1:27 of 3rd period - Charles Sarault wins face-off versus Jean-Gabriel Pageau in Penguins zone.
1:27 of 3rd period - Charles Sarault is hit by Jean-Gabriel Pageau.
2:25 of 3rd period - Snap shot by Mike Sislo.
2:25 of 3rd period - Stopped by Keith Kinkaid without a rebound.
2:26 of 3rd period - Curtis McKenzie wins face-off versus Darryl Boyce in Penguins zone.
2:55 of 3rd period - Snap shot by Curtis McKenzie.
2:55 of 3rd period - Stopped by David LeNeveu with a rebound.
3:54 of 3rd period - Snap shot by Dustin Gazley.
3:54 of 3rd period - Stopped by David LeNeveu without a rebound.
3:55 of 3rd period - Jean-Gabriel Pageau wins face-off versus Charles Sarault in Admirals zone.
4:17 of 3rd period - Off-side.
4:18 of 3rd period - Linden Vey wins face-off versus Darryl Boyce in neutral zone.
4:59 of 3rd period - Backhand shot by Charles Sarault.
4:59 of 3rd period - Shot Misses the Net.
5:01 of 3rd period - Slapshot by Charles Sarault.
5:01 of 3rd period - Shot Blocked by Mike Sislo.
5:03 of 3rd period - Wrist shot by Charles Sarault.
5:03 of 3rd period - Shot Misses the Net.
5:05 of 3rd period - Snap shot by Philippe Cornet.
5:05 of 3rd period - Shot Blocked by Ryan Bourque.
5:07 of 3rd period - Backhand shot by Dan Biega.
5:07 of 3rd period - Shot Misses the Net.
6:28 of 3rd period - Slapshot by Carter Ashton.
6:28 of 3rd period - Deflect By Sven Andrighetto.
6:28 of 3rd period - Shot Misses the Net.
6:28 of 3rd period - Puck is out of play.
6:29 of 3rd period - Jean-Gabriel Pageau wins face-off versus Charles Sarault in Penguins zone.
6:47 of 3rd period - Minor Penalty to Cody Ceci for Roughing.
6:48 of 3rd period - Mike Zigomanis wins face-off versus Curtis McKenzie in Penguins zone.
7:39 of 3rd period - Linden Vey is hit by Carter Ashton and loses puck.
8:02 of 3rd period - Wrist shot by Carter Ashton.
8:02 of 3rd period - Deflect By Jean-Gabriel Pageau.
8:02 of 3rd period - Goal by Jean-Gabriel Pageau - Admirals : 1 - Penguins : 1.
8:03 of 3rd period - Darryl Boyce wins face-off versus Charles Sarault in neutral zone.
8:16 of 3rd period - Wrist shot by Mike Sislo.
8:16 of 3rd period - Shot Misses the Net.
8:18 of 3rd period - Snap shot by Darryl Boyce.
8:18 of 3rd period - Shot Blocked by Philippe Cornet.
8:32 of 3rd period - Wrist shot by Darryl Boyce.
8:32 of 3rd period - Stopped by Keith Kinkaid with a rebound.
8:34 of 3rd period - Wrist shot by Bryan Rodney.
8:34 of 3rd period - Stopped by Keith Kinkaid without a rebound.
8:35 of 3rd period - Curtis McKenzie wins face-off versus Mike Zigomanis in Penguins zone.
8:59 of 3rd period - Jonathan Marchessault is hit by Matt Mangene and loses puck.
9:10 of 3rd period - Andrej Sustr is hit by Joey Crabb and loses puck.
9:17 of 3rd period - Slapshot by Xavier Ouellet.
9:17 of 3rd period - Shot Misses the Net.
9:53 of 3rd period - Snap shot by Linden Vey.
9:53 of 3rd period - Deflect By Dustin Gazley.
9:53 of 3rd period - Stopped by David LeNeveu with a rebound.
9:55 of 3rd period - Wrist shot by Dustin Gazley.
9:55 of 3rd period - Stopped by David LeNeveu with a rebound.
10:25 of 3rd period - Minor Penalty to Farm Player43 for Holding.
10:26 of 3rd period - Charles Sarault wins face-off versus Joey Crabb in Admirals zone.
10:27 of 3rd period - Slapshot by Cody Ceci.
10:27 of 3rd period - Shot Blocked by Mike Zigomanis.
10:29 of 3rd period - Wrist shot by Charles Sarault.
10:29 of 3rd period - Shot Misses the Net.
10:31 of 3rd period - Slapshot by Philippe Cornet.
10:31 of 3rd period - Stopped by David LeNeveu with a rebound.
10:33 of 3rd period - Snap shot by Philippe Cornet.
10:33 of 3rd period - Shot Misses the Net.
10:35 of 3rd period - Slapshot by Cody Ceci.
10:35 of 3rd period - Shot Blocked by Cade Fairchild.
10:37 of 3rd period - Slapshot by Jeff Schultz.
10:37 of 3rd period - Deflect By Charles Sarault.
10:37 of 3rd period - Shot Blocked by Cade Fairchild.
10:37 of 3rd period - Puck is out of play.
10:38 of 3rd period - Joey Crabb wins face-off versus Charles Sarault in Admirals zone.
10:51 of 3rd period - Slapshot by Cody Ceci.
10:51 of 3rd period - Shot Blocked by Mike Zigomanis.
11:13 of 3rd period - Snap shot by Linden Vey.
11:13 of 3rd period - Goal by Linden Vey - Admirals : 1 - Penguins : 2.
11:14 of 3rd period - Jean-Gabriel Pageau wins face-off versus Dustin Gazley in neutral zone.
11:33 of 3rd period - Dustin Gazley is hit by Carter Ashton and loses puck.
12:13 of 3rd period - Jeff Schultz is hit by Mike Sislo and loses puck.
12:30 of 3rd period - Jeff Schultz is hit by Darryl Boyce and loses puck.
13:10 of 3rd period - Carson McMillan is hit by Jonathan Marchessault and loses puck.
13:52 of 3rd period - Wrist shot by Carter Ashton.
13:52 of 3rd period - Shot Blocked by Dan Biega.
13:54 of 3rd period - Snap shot by Sven Andrighetto.
13:54 of 3rd period - Shot Blocked by Drew Bagnall.
13:56 of 3rd period - Slapshot by Cade Fairchild.
13:56 of 3rd period - Stopped by Keith Kinkaid without a rebound.
13:57 of 3rd period - Jean-Gabriel Pageau wins face-off versus Linden Vey in Penguins zone.
14:47 of 3rd period - Wrist shot by Joey Crabb.
14:47 of 3rd period - Stopped by Keith Kinkaid with a rebound.
14:49 of 3rd period - Snap shot by Brayden Irwin.
14:49 of 3rd period - Shot Misses the Net.
14:51 of 3rd period - Snap shot by Joey Crabb.
14:51 of 3rd period - Shot Misses the Net.
14:53 of 3rd period - Slapshot by Bryan Rodney.
14:53 of 3rd period - Stopped by Keith Kinkaid with a rebound.
14:55 of 3rd period - Snap shot by Joey Crabb.
14:55 of 3rd period - Shot Blocked by Matt Kassian.
14:57 of 3rd period - Slapshot by Joey Crabb.
14:57 of 3rd period - Shot Misses the Net.
15:07 of 3rd period - Wrist shot by Mike Zigomanis.
15:07 of 3rd period - Stopped by Keith Kinkaid with a rebound.
15:09 of 3rd period - Snap shot by Mike Zigomanis.
15:09 of 3rd period - Shot Misses the Net.
15:11 of 3rd period - Snap shot by Jonathan Marchessault.
15:11 of 3rd period - Shot Misses the Net.
15:17 of 3rd period - Slapshot by Joey Crabb.
15:17 of 3rd period - Shot Misses the Net.
15:19 of 3rd period - Snap shot by Joey Crabb.
15:19 of 3rd period - Deflect By Jonathan Marchessault.
15:19 of 3rd period - Shot Misses the Net.
15:19 of 3rd period - Puck is out of play.
15:20 of 3rd period - Charles Sarault wins face-off versus Jonathan Marchessault in Penguins zone.
15:31 of 3rd period - Snap shot by Mike Sislo.
15:31 of 3rd period - Shot Misses the Net.
16:17 of 3rd period - Mike Zigomanis is hit by Hunter Bishop and loses puck.
16:32 of 3rd period - Slapshot by Curtis McKenzie.
16:32 of 3rd period - Stopped by David LeNeveu without a rebound.
16:33 of 3rd period - Mike Sislo wins face-off versus Linden Vey in Admirals zone.
16:42 of 3rd period - Linden Vey is hit by Mike Sislo and loses puck.
18:37 of 3rd period - Slapshot by Cody Ceci.
18:37 of 3rd period - Deflect By Darryl Boyce.
18:37 of 3rd period - Stopped by David LeNeveu with a rebound.
18:39 of 3rd period - Backhand shot by Carson McMillan.
18:39 of 3rd period - Shot Misses the Net.
18:41 of 3rd period - Backhand shot by Jeff Schultz.
18:41 of 3rd period - Stopped by David LeNeveu with a rebound.
19:27 of 3rd period - Linden Vey is hit by Mike Zigomanis and loses puck.
19:30 of 3rd period - Admirals, David LeNeveu is pulled from the net.
19:38 of 3rd period - Snap shot by Jonathan Marchessault.
19:38 of 3rd period - Shot Blocked by Drew Bagnall.
19:58 of 3rd period - Snap shot by Jonathan Marchessault.
19:58 of 3rd period - Deflect By Mike Zigomanis.
19:58 of 3rd period - Stopped by Keith Kinkaid with a rebound.
Goals for this period are 1 for Admirals vs 2 for Penguins.
Shots for this period are 13 for Admirals vs 12 for Penguins.


Output by the SimonT Hockey Simulator (STHS) for Eric Dolegowski -- Original Page W3C XHTML 1.0 Valid
Hockey Simulator - Hockey Simulation - Hockey Manager